 Dungeon Crawl Stone Soup version 0.25-a0-578-gc91f01c39c (webtiles) character file.

Game seed: 11165845892197078354, levelgen mode: deterministic

19156 An17 the Unseen (level 12, -2/67 HPs)
             Began as a Vampire Enchanter on Mar 4, 2020.
             Was a High Priest of Dithmenos.
             Slain by a death yak (13 damage)
             ... on level 2 of the Lair of Beasts.
             The game lasted 00:46:15 (14026 turns).

An17 the Unseen (Vampire Enchanter)                Turns: 14026, Time: 00:46:16

Health: -2/67      AC:  7    Str:  7    XL:     12   Next: 34%
Magic:  21/23      EV: 21    Int: 20    God:    Dithmenos [*****.]
Gold:   839        SH:  0    Dex: 21    Spells: 9/26 levels left

rFire    . . .     SeeInvis +   s - +2 dagger (venom)
rCold    + + .     Gourm    .   (no shield)
rNeg     + + +     Faith    .   k - +2 robe {MR+}
rPois    ∞         Spirit   .   (helmet restricted)
rElec    .         Reflect  .   i - +1 cloak
rCorr    .         Harm     .   q - +0 pair of gloves
MR       ++...                  (no boots)
Stlth    ++++++++++             (no amulet)
HPRegen  0.00/turn              t - ring of stealth
MPRegen  0.18/turn              H - +4 ring of dexterity

@: confusing touch, bloodless, wreathed by umbra
A: no food, antennae 1, fangs 3, see invisible, unbreathing
a: Bat Form, Revivify, Shadow Step, Shadow Form, Renounce Religion


You were on level 2 of the Lair of Beasts.
You worshipped Dithmenos.
Dithmenos was extremely pleased with you.
You were bloodless.

You visited 3 branches of the dungeon, and saw 14 of its levels.
You also visited: Bailey.

You collected 839 gold pieces.

Inventory:

Hand Weapons
 b - a +2 hand axe of flaming
 f - the +2 flail of Tomorrow {vorpal, *Noise +Inv Str+4 Dex-4, unknown}
   (You found it on level 3 of the Lair of Beasts)

   It inflicts extra damage upon your enemies.
   It affects your strength (+4).
   It affects your dexterity (-4).
   It lets you turn invisible.
   It may make noises in combat.
 s - a +2 dagger of venom (weapon)
 B - the +1 rapier "Heirchor" {drain, rF- rC+ rN+ SInv}
   (You found it on level 6 of the Dungeon)

   A truly terrible weapon, it drains the life of those it strikes.
   It makes you vulnerable to fire.
   It protects you from cold.
   It protects you from negative energy.
   It lets you see invisible.
 J - a +4 trident
Armour
 i - a +1 cloak (worn)
 k - a +2 robe of magic resistance (worn)
 q - a +0 pair of gloves (worn)
 x - a +1 scale mail of cold resistance
 A - a +2 robe of cold resistance
 C - a +2 chain mail of positive energy
 D - a scarf of cloud immunity
 E - a +0 troll leather armour
Magical Staves
 u - an uncursed staff of energy {unknown}
Jewellery
 e - an uncursed ring of fire
 t - a ring of stealth (left hand)
 H - a +4 ring of dexterity (right hand)
Wands
 a - a wand of iceblast (8)
 m - a wand of acid (22)
 w - a wand of enslavement (6)
 y - a wand of flame (63)
 F - a wand of polymorph (6)
 M - a wand of scattershot (6)
Scrolls
 d - a scroll of blinking
 g - 4 scrolls of teleportation
 h - 2 scrolls of enchant armour
 l - 3 scrolls of fog
 p - a scroll of immolation
 v - 2 scrolls of amnesia
 G - a scroll of remove curse
 I - a scroll of enchant weapon
Potions
 c - 2 potions of mutation
 j - 4 potions of flight
 n - 3 potions of stabbing
 o - a potion of brilliance
 r - 2 potions of curing
 z - a potion of haste
 L - a potion of might


   Skills:
 + Level 4.4 Fighting
 + Level 7.2 Short Blades
 * Level 10.1 Dodging
 + Level 17.1 Stealth
 + Level 7.7 Spellcasting
 + Level 10.5 Hexes
 + Level 5.8 Ice Magic


You had 9 spell levels left.
You knew the following spells:

 Your Spells              Type           Power        Failure   Level  Hunger
a - Confusing Touch       Hex            #####...     1%          3    N/A
b - Ensorcelled Hibernat  Hex/Ice        #####.       1%          2    N/A
c - Tukima's Dance        Hex            #####...     1%          3    N/A
d - Call Imp              Summ           #.......     13%         2    N/A
e - Blink                 Tloc           N/A          13%         2    N/A
f - Slow                  Hex            #####...     1%          2    N/A
g - Teleport Other        Tloc           #.......     26%         3    N/A

Your spell library contained the following spells:

 Spells                   Type           Power        Failure   Level  Hunger
 Corona                   Hex            #####..      1%          1    N/A
 Dazzling Flash           Conj/Hex       ####..       3%          3    N/A
 Magic Dart               Conj           #...         9%          1    N/A
 Shroud of Golubria       Chrm/Tloc      #.....       13%         2    N/A
 Conjure Flame            Conj/Fire      #.......     26%         3    N/A
 Gell's Gravitas          Tloc           #.........   26%         3    N/A
 Lesser Beckoning         Tloc           #.........   26%         3    N/A
 Mephitic Cloud           Conj/Pois/Air  #.......     26%         3    N/A
 Recall                   Summ/Tloc      N/A          26%         3    N/A
 Animate Dead             Necr           N/A          65%         4    N/A
 Passage of Golubria      Tloc           N/A          65%         4    N/A
 Borgnjor's Vile Clutch   Necr/Erth      #.........   94%         5    N/A
 Simulacrum               Ice/Necr       ###.......   99%         6    N/A
 Death Channel            Necr           #.........   100%        6    N/A

Dungeon Overview and Level Annotations

Branches:
Dungeon (10/15)            Temple (1/1) D:4            Lair (3/6) D:9
 Shoals (0/4) Lair:3        Snake (0/4) Lair:2       Bailey (visited)
    Orc: D:9-12

Altars:
Ashenzari
Cheibriados
Dithmenos
Fedhas
Gozag
Hepliaklqana
Kikubaaqudgha
Nemelex Xobeh
Okawaru
Qazlal
Ru
Trog
Uskayaw
Vehumet
Wu Jian
Xom
Yredelemnul
The Shining One

Shops:
D:4 !   D:8 %


Innate Abilities, Weirdness & Mutations

You do not eat.
You do not regenerate when monsters are visible.
You are frail without blood (-20% HP).
You can heal yourself when you bite living creatures.
You are immune to poison.
You have razor-sharp teeth.
You have supernaturally acute eyesight. (SInv)
You can survive without breathing.
You have a pair of small antennae on your head.


Message History

The death yak resists with almost no effort.
There is a stone staircase leading up here.
The death yak gores you!!
You climb upwards.
There is a stone staircase leading down here.
Casting: Teleport Other (safe; 26% risk of failure)
Confirm with . or Enter, or press ? or * to list all spells.
Your hands begin to glow red.
The death yak gores you!!
* * * LOW HITPOINT WARNING * * *
Unknown command.
You hit the death yak but do no damage. The death yak barely misses you.
You hit the death yak but do no damage. You hit the death yak but do no damage.
Your shadow hits the death yak with a dagger.
The death yak gores you!!
* * * LOW HITPOINT WARNING * * *
You feel better.
The death yak gores you but does no damage.
You hit the death yak but do no damage. The death yak gores you!
You die...

##### #...###
##....##############
##.....#..........P### ####
#....................###..#
##....♣...♣..............##
#....♣.P...♣.............####
##......♣.♣P...............#.#
#........>....Y@.............#
##......P♣.♣...............#..###
#......♣PP.P.♣.................#.
........♣...♣........<....###...#
.........................## ###..
.......#.#.##...........## #.#.
.....P......P...#.......# ####
.........P......#.....#P# #
....................##### ####


You could see a death yak.

Vanquished Creatures
  A hydra (D:9)
  2 death yaks
  3 black mambas
  7 spiny frogs
  3 komodo dragons
  A merfolk (Lair:3)
  A troll (D:10)
  7 blink frogs
  6 hippogriffs
  A hornet (D:10)
  A vampire (D:10)
  A wyvern (Lair:3)
  24 yaks
  A hungry ghost (D:7)
  A naga (Lair:2)
  6 water moccasins
  4 porcupines
  An ice beast (D:8)
  5 sky beasts
  6 orc warriors
  A black bear (D:7)
  A phantom (D:9)
  6 ogres
  A centaur (D:10)
  2 crocodiles (Lair:2)
  A big kobold (D:10)
  16 bullfrogs
  A gnoll sergeant (D:9)
  3 scorpions
  A wight (D:8)
  6 howler monkeys
  3 crimson imps
  3 hounds
  An orc priest (D:6)
  2 bullfrog skeletons
  A bullfrog zombie (D:7)
  A centaur zombie (D:8)
  3 centaur skeletons
  5 jellies
  5 orc wizards
  A gnoll shaman (D:6)
  4 iguanas
  11 worker ants
  A hound zombie (D:7)
  A hound skeleton (D:6)
  A worker ant zombie (D:10)
  33 gnolls
  A howler monkey skeleton (D:6)
  12 adders
  A shadow imp (D:10)
  3 oozes
  4 adder skeletons
  A worm (D:3)
  3 dart slugs (D:1)
  10 leopard geckos
  34 orcs
  9 giant cockroaches
  32 goblins
  21 hobgoblins
  3 jackals (D:4)
  7 quokkas
  2 ball pythons
  9 bats
  6 frilled lizards
  8 kobolds
  3 leopard gecko skeletons
  A quokka skeleton (D:4)
  8 rats
375 creatures vanquished.

Vanquished Creatures (collateral kills)
  4 wights (D:8)
4 creatures vanquished.

Vanquished Creatures (others)
  2 dancing weapons
  9 fungi
  6 plants
17 creatures vanquished.

Grand Total: 396 creatures vanquished

Notes
Turn   | Place    | Note
-------+----------+-------------------------------------------
     0 | D:1      | An17 the Vampire Enchanter began the quest for the Orb.
     0 | D:1      | Reached XP level 1. HP: 13/13 MP: 3/3
   126 | D:1      | Reached XP level 2. HP: 19/19 MP: 5/5
   130 | D:1      | Learned a level 2 spell: Ensorcelled Hibernation
   196 | D:1      | Reached skill level 5 in Hexes
   379 | D:1      | Reached XP level 3. HP: 20/24 MP: 6/6
   985 | D:2      | Reached skill level 5 in Stealth
  1100 | D:2      | Reached XP level 4. HP: 24/24 MP: 2/7
  1710 | D:3      | Gained mutation: You are frail. (-10% HP) [potion of
                  | mutation]
  1710 | D:3      | Lost mutation: You are frail. (-10% HP) [potion of
                  | mutation]
  1710 | D:3      | Gained mutation: You have a pair of small antennae on your
                  | head. [potion of mutation]
  2297 | D:3      | Reached skill level 6 in Stealth
  2297 | D:3      | Reached XP level 5. HP: 28/28 MP: 3/8
  2306 | D:3      | Learned a level 3 spell: Confusing Touch
  2310 | D:3      | Learned a level 3 spell: Tukima's Dance
  2334 | D:3      | Found a sacrificial altar of Ru.
  2548 | D:4      | Found Xoymn's Distillery.
  2919 | D:4      | Reached skill level 1 in Fighting
  2979 | D:4      | Found a staircase to the Ecumenical Temple.
  2983 | Temple   | Entered the Ecumenical Temple
  2994 | Temple   | Became a worshipper of Dithmenos the Shadowed
  3078 | D:4      | Reached skill level 1 in Ice Magic
  3119 | D:4      | Reached XP level 6. HP: 34/34 MP: 3/10
  3689 | D:4      | Reached skill level 7 in Stealth
  4413 | D:4      | Reached XP level 7. HP: 29/38 MP: 8/11
  4499 | D:4      | Reached * piety under Dithmenos
  4705 | D:4      | Reached skill level 8 in Stealth
  5195 | D:5      | Entered Level 5 of the Dungeon
  5416 | D:5      | Reached ** piety under Dithmenos
  5781 | D:6      | Learned a level 2 spell: Call Imp
  5784 | D:6      | Learned a level 2 spell: Blink
  5818 | D:6      | Reached XP level 8. HP: 44/44 MP: 5/13
  5975 | D:6      | Reached skill level 9 in Stealth
  6095 | D:6      | Reached skill level 5 in Dodging
  6288 | D:6      | Got a twisted rapier
  6322 | D:6      | Identified the cursed +1 rapier "Heirchor" {drain, rF- rC+
                  | rN+ SInv} (You found it on level 6 of the Dungeon)
  6837 | D:7      | Reached skill level 10 in Stealth
  7077 | D:7      | Found an ornate altar of the Wu Jian Council.
  7087 | D:7      | Noticed a hippogriff
  7093 | D:7      | Killed a hippogriff
  7176 | D:7      | Reached *** piety under Dithmenos
  7176 | D:7      | Reached XP level 9. HP: 49/49 MP: 13/15
  7179 | D:7      | Found an ancient bone altar of Kikubaaqudgha.
  7180 | D:7      | Found a stormy altar of Qazlal.
  7182 | D:7      | Found a sparkling altar of Nemelex Xobeh.
  7184 | D:7      | Found a sacrificial altar of Ru.
  7186 | D:7      | Found a hazy altar of Hepliaklqana.
  7186 | D:7      | Found a shattered altar of Ashenzari.
  7187 | D:7      | Found a bloodstained altar of Trog.
  7188 | D:7      | Found a snail-covered altar of Cheibriados.
  7189 | D:7      | Found a blossoming altar of Fedhas.
  7190 | D:7      | Found a shimmering altar of Xom.
  7191 | D:7      | Found a basalt altar of Yredelemnul.
  7654 | D:8      | Found Myfuveom's Food Boutique.
  7655 | D:8      | Reached skill level 5 in Short Blades
  7655 | D:8      | Reached skill level 11 in Stealth
  7689 | D:8      | Found a shadowy altar of Dithmenos.
  7710 | D:8      | Found a flagged portal.
  7780 | Bailey   | Entered a bailey
  7785 | Bailey   | Noticed an orc warlord
  8414 | D:8      | Reached skill level 12 in Stealth
  8421 | D:8      | Reached skill level 5 in Spellcasting
  8516 | D:8      | Reached **** piety under Dithmenos
  8518 | D:8      | Reached XP level 10. HP: 56/56 MP: 14/17
  9130 | D:9      | Found a staircase to the Lair.
  9211 | D:9      | Reached skill level 13 in Stealth
  9523 | D:10     | Entered Level 10 of the Dungeon
  9827 | D:10     | Reached skill level 14 in Stealth
 10189 | D:10     | Reached ***** piety under Dithmenos
 10563 | Lair:1   | Entered Level 1 of the Lair of Beasts
 10579 | Lair:1   | Noticed a four-headed hydra
 10606 | D:9      | Killed a four-headed hydra
 10613 | Lair:1   | Reached XP level 11. HP: 52/60 MP: 13/20
 10819 | Lair:1   | Reached skill level 15 in Stealth
 11417 | Lair:1   | Learned a level 2 spell: Slow
 11813 | Lair:2   | Reached skill level 5 in Ice Magic
 11944 | Lair:3   | Reached skill level 16 in Stealth
 11944 | Lair:3   | Reached skill level 10 in Hexes
 12301 | Lair:3   | Got a brightly glowing flail
 12488 | Lair:3   | Reached XP level 12. HP: 66/66 MP: 9/22
 12637 | Lair:2   | Found a staircase to the Snake Pit.
 12971 | Lair:2   | Learned a level 3 spell: Teleport Other
 13277 | Lair:3   | Noticed a death yak
 13281 | Lair:3   | Noticed a death yak
 13281 | Lair:3   | Noticed a death yak
 13281 | Lair:3   | Noticed a death yak
 13281 | Lair:3   | Noticed a death yak
 13338 | Lair:2   | Killed a death yak
 13338 | Lair:2   | Reached skill level 10 in Dodging
 13466 | Lair:3   | Found a staircase to the Shoals.
 13476 | Lair:3   | Reached skill level 17 in Stealth
 13663 | Lair:3   | Killed a death yak
 14023 | Lair:2   | HP: 1/67 [death yak (19)]
 14026 | Lair:2   | Slain by a death yak

Levels and vault maps discovered:
D:1:      wander_arrival_estate, layout_basic
D:2:      layout_basic, first_ration, kennysheep_cross_bottleneck,
          wander_ebering_terrifying_dragon_lair
D:3:      layout_loops_ring, nicolae_ru_path_of_blood
D:4:      minmay_goblin_kobold_castle, layout_gridville, temple_hall_moat,
          serial_shops, shop, minmay_misc_feat_diagonals
D:5:      layout_rooms
D:6:      layout_layer_cave
D:7:      layout_basic, minitemple, lemuel_doored_altar
D:8:      minmay_the_grid_triangle_9x9_rhombus_thin
          [minmay_the_grid_triangle_9x9_odd_lines,
          minmay_the_grid_triangle_9x9_prize_schism,
          minmay_the_grid_triangle_9x9_sparse_checkered,
          minmay_the_grid_triangle_9x9_descending_squares], layout_loops_cross,
          serial_shops, nicolae_shop_trees, enter_bailey_2,
          grunt_dithmenos_smoke_and_mirrors
D:9:      layout_long_grid, lair_entry_dummy
D:10:     layout_grid_maze, blue_anna_alchemist [blue_anna_fruit_fields,
          blue_anna_fruit_fields]
Temple:   eino_wide_crystal_templ
Lair:1:   layout_gridlike, patterned_corridor, lemuel_fruit_fields
Lair:2:   layout_cave_pods, guppyfry_snake_entry_island,
          grunt_forest_stairs_basic
Lair:3:   layout_small_grid, elwin_shoals_entry_rooms,
          infiniplex_staircase_pool_2

Skill      XL: |  1  2  3  4  5  6  7  8  9 10 11 12 |
---------------+-------------------------------------+-----
Hexes          | 5 6 7 8 9 10 | 10.5
Stealth        | 5 6 7 8 10 12 14 16 17 | 17.1
Short Blades   | 2 3 4 5 6 7 |  7.2
Dodging        | 3 4 5 7 8 9 10 | 10.1
Fighting       | 1 2 3 4 |  4.4
Ice Magic      | 1 2 3 4 5 |  5.8
Spellcasting   | 3 4 5 6 7 |  7.7

Action                   |  1- 3 |  4- 6 |  7- 9 | 10-12 || total
-------------------------+-------+-------+-------+-------++-------
Melee: Dagger            |    79 |   194 |   234 |   313 ||   820
       Bite              |     9 |     7 |    20 |    26 ||    62
       Rapier            |       |       |    94 |       ||    94
 Cast: Corona            |     3 |       |       |       ||     3
       Ensorcelled Hiber |     5 |    80 |    61 |   108 ||   254
       Confusing Touch   |       |       |     3 |     7 ||    10
       Tukima's Dance    |       |       |     5 |     1 ||     6
       Slow              |       |       |       |     1 ||     1
       Teleport Other    |       |       |       |     1 ||     1
 Abil: Exsanguinate      |     1 |       |       |       ||     1
  Use: Scroll            |     5 |     3 |     8 |     9 ||    25
       Potion            |       |     3 |       |     5 ||     8
 Stab: Sleeping          |    19 |    66 |    92 |    96 ||   273
       Distracted        |       |       |     4 |     2 ||     6
       Confused          |       |       |     1 |     7 ||     8
Armor: Robe              |    14 |    55 |    50 |    47 ||   166
Dodge: Dodged            |    44 |   168 |   244 |   206 ||   662

Table legend:
 A = Non-vault XP
 B = Vault XP
 C = Vault XP percentage of total XP
 D = Non-vault monster count
 E = Vault monster count
 F = Vault count percentage of total count
                 A         B        C        D         E       F
            +---------+---------+-------+---------+---------+-------
      Total |   25706 |    1660 |   6.1 |     305 |      74 |  19.5
            +---------+---------+-------+---------+---------+-------
        D:1 |      48 |       0 |   0.0 |      21 |       0 |   0.0
        D:2 |      66 |       1 |   1.5 |      22 |       1 |   4.3
        D:3 |     104 |      14 |  11.9 |      27 |       1 |   3.6
        D:4 |     379 |     245 |  39.3 |      23 |      57 |  71.2
        D:5 |     302 |       0 |   0.0 |      15 |       0 |   0.0
        D:6 |     835 |       0 |   0.0 |      31 |       0 |   0.0
        D:7 |    1201 |       0 |   0.0 |      19 |       0 |   0.0
        D:8 |    2418 |     818 |  25.3 |      40 |      12 |  23.1
        D:9 |    1983 |       0 |   0.0 |      21 |       0 |   0.0
       D:10 |    2274 |      97 |   4.1 |      21 |       1 |   4.5
     Lair:1 |    5032 |       0 |   0.0 |      23 |       0 |   0.0
     Lair:2 |    6157 |     160 |   2.5 |      24 |       1 |   4.0
     Lair:3 |    4907 |     325 |   6.2 |      18 |       1 |   5.3
            +---------+---------+-------+---------+---------+-------
